cohdb
Replays
Latest Replays
All Replays
Popular Replays
Top Player Replays
Match Explorer
How It Works
Community
CoH3 Stats
Reddit
Sign in to upload your games and track your stats! →
Sign in with Steam
Match 26898315
Unlisted
Match 26898315
Overview
Messages
Build Orders
End
Construct Section Command Post
Infantry Section
Dingo Light Scout Car
Infantry Section
ML 3-inch Mortar Team
Construct Platoon Command Post
Humber Armored Car
Selects Indian Artillery Battlegroup
Selects Indian Artillery Battlegroup
Selects Valour
CMP 15cwt Truck
6-pounder Anti-tank Gun Team
Infantry Section
Construct Company Command Post
Selects Gurkha Rifles Section
Gurkha Rifles Section
Matilda II Heavy Tank
Selects Volunteer Infantry
Selects Towed ML 4.2-inch Heavy Mortar
Matilda II Heavy Tank
Armored Vehicle Training
Matilda II Heavy Tank
Selects Off-map Airburst Barrage
Selects Perimeter Monitor
Matilda II Heavy Tank
Off-map Airburst Barrage
Off-map Airburst Barrage
TidaL
sannnn
LeaveANegativeComment
NaDa
ECO ZULU Starsilver
Voodoo408
dpfarce
sssczlotq
0
0
Comments
sign in to comment!
No comments posted yet!